 Dungeon Crawl Stone Soup version 0.28.0-43-g3370ac3207 (webtiles) character file.

Game seed: 16798160528224752107

15060 Kaptain the Geomancer (level 12, -2/76 HPs)
             Began as a Gargoyle Earth Elementalist on Mar 22, 2022.
             Slain by Sonja
             ... wielding a +4 dagger of distortion
              (5 damage)
             ... on level 3 of the Lair of Beasts.
             The game lasted 00:27:47 (15129 turns).

Kaptain the Geomancer (GrEE)                       Turns: 15129, Time: 00:27:47

Health: -2/76      AC: 22    Str: 12    XL:     12   Next: 23%
Magic:  12/33      EV: 13    Int: 27    God:
Gold:   453        SH:  0    Dex: 10    Spells: 20/27 levels left

rFire   + + .      SeeInvis .   b - +6 mace of Dissolution {flame, rN+ MP+9 Int+6}
rCold   . . .      Faith    .   (no shield)
rNeg    + + .      Spirit   .   D - +1 robe of Impatience {rPois rF+}
rPois   ∞          Reflect  .   y - +2 helmet
rElec   +          Harm     .   H - +2 cloak
rCorr   .          Rampage  .   (no gloves)
Will    .....                   T - +2 pair of boots
Stlth   ++........              (no amulet)
HPRegen 0.22/turn               p - ring of protection from fire
MPRegen 0.23/turn               B - ring of wizardry

@: studying Evocations
A: sickness immunity, AC +8, negative energy resistance 1, electricity
resistance, torment resistance 1, petrification resistance
a: no special abilities


You were on level 3 of the Lair of Beasts.
You visited 3 branches of the dungeon, and saw 12 of its levels.
You also visited: Ossuary.

You collected 479 gold pieces.
You spent 26 gold pieces at shops.

Inventory:

Hand Weapons
 b - the +6 mace of Dissolution (weapon) {flame, rN+ MP+9 Int+6}
   (You found it on level 6 of the Dungeon)

   It burns those it strikes, dealing additional fire damage.
   Int:       It affects your intelligence (+6).
   rN:        It protects you from negative energy.
   MP:        It affects your magic capacity (+9).
 i - a +1 short sword of protection
 q - a +0 trident of flaming
 s - a +0 hunting sling
 P - a +2 broad axe of freezing
Missiles
 c - 17 stones
 o - 72 sling bullets
 w - 19 poisoned darts
 A - 3 throwing nets
Armour
 y - a +2 helmet (worn)
 C - a +0 pair of boots
 D - the +1 robe of Impatience (worn) {rPois rF+}
   (You found it on level 6 of the Dungeon)

   rF:        It protects you from fire.
   rPois:     It protects you from poison.
 H - a +2 cloak (worn)
 T - a +2 pair of boots (worn)
Magical Staves
 G - a staff of cold
Jewellery
 p - a ring of protection from fire (left hand)
 B - a ring of wizardry (right hand)
Wands
 j - a wand of digging (1)
 u - a wand of mindburst (11)
 L - a wand of paralysis (8)
 M - a wand of iceblast (6)
 N - a wand of polymorph (9)
 S - a wand of flame (5)
Scrolls
 a - a scroll of magic mapping
 d - a scroll of enchant armour {unknown}
 f - 3 scrolls of teleportation
 h - 3 scrolls of identify
 v - 4 scrolls of enchant weapon {unknown}
 x - a scroll of holy word {unknown}
 F - a scroll of amnesia {unknown}
 I - a scroll of torment {unknown}
 K - 2 scrolls of immolation
Potions
 e - a potion of haste
 g - 2 potions of lignification
 l - 3 potions of invisibility
 m - 2 potions of flight
 n - 5 potions of curing
 r - 2 potions of magic
 t - a potion of ambrosia
 z - a potion of might
 E - 3 potions of mutation
 J - a potion of cancellation
 O - 2 potions of resistance {unknown}
 Q - a potion of brilliance {unknown}
 R - a potion of attraction {unknown}
Miscellaneous
 k - a phantom mirror


   Skills:
 * Level 9.6 Fighting
 + Level 6.6 Armour
 + Level 5.3 Dodging
 - Level 2.1 Stealth
 * Level 8.4 Spellcasting
 * Level 9.6 Conjurations
 - Level 0.7 Transmutations
 * Level 11.1 Earth Magic


You had 20 spell levels left.
You knew the following spells:

 Your Spells              Type           Power      Damage    Failure   Level
a - Sandblast             Erth           100%       2d20      1%          1
b - Stone Arrow           Conj/Erth      100%       3d13      1%          3
c - Swiftness             Air            11%        N/A       6%          3

Your spell library contained the following spells:

 Spells                   Type           Power      Damage    Failure   Level
 Apportation              Tloc           22%        N/A       1%          1
 Beastly Appendage        Tmut           30%        N/A       1%          1
 Shock                    Conj/Air       100%       1d9       1%          1
 Passwall                 Tmut/Erth      35%        N/A       1%          2
 Petrify                  Tmut/Erth      43%        N/A       1%          4
 Wereblood                Tmut           15%        N/A       2%          2
 Spider Form              Tmut/Pois      13%        N/A       5%          3
 Gell's Gravitas          Tloc           11%        N/A       6%          3
 Lesser Beckoning         Tloc           11%        N/A       6%          3
 Teleport Other           Tloc           11%        N/A       6%          3
 Airstrike                Air            5%         N/A       21%         4
 Alistair's Intoxication  Tmut/Pois      8%         N/A       43%         5
 Metabolic Englaciation   Hex/Ice        5%         N/A       45%         5
 Statue Form              Tmut/Erth      Unusable   N/A       N/A         6

Dungeon Overview and Level Annotations

Branches:
Dungeon (8/15)             Temple (1/1) D:5            Lair (3/6) D:8
 Spider (0/4) Lair:3      Ossuary (visited)
  Swamp: Lair:2-4    Shoals: Lair:2-4

Altars:
Ashenzari
Cheibriados
Dithmenos
Elyvilon
Fedhas
Gozag
Hepliaklqana
Kikubaaqudgha
Makhleb
Nemelex Xobeh
Okawaru
Qazlal
Ru
Sif Muna
Trog
Uskayaw
Vehumet
Wu Jian
Xom
Yredelemnul
Zin
The Shining One

Shops:
D:4 ?   D:6 [   D:8 (

Annotations:
Lair:3 Sonja


Innate Abilities, Weirdness & Mutations

You are immune to sickness and miasma.
Your stone body is resilient. (AC +8)
You are immune to poison.
You resist negative energy. (rN+)
You are resistant to electric shocks. (rElec)
You are resistant to unholy torment.
You are immune to petrification.


Message History

The cane toad stings you!
Unknown command.
Casting: Stone Arrow (safe; 1% risk of failure)
Confirm with . or Enter, or press ? or * to list all spells.
Aiming: Stone Arrow (safe; 1% risk of failure)
Press: ? - help, Shift-Dir - straight line, f/p - cane toad
Aim: a cane toad (severely wounded, 81% to hit)
The stone arrow hits the cane toad!!
You kill the cane toad!
Sonja bows elegantly.
Unknown command.
Casting: Stone Arrow (safe; 1% risk of failure)
Confirm with . or Enter, or press ? or * to list all spells.
Aiming: Stone Arrow (safe; 1% risk of failure)
Press: ? - help, Shift-Dir - straight line, f - Sonja
Aim: Sonja, wielding a +4 dagger of distortion and quivering curare-tipped darts (40% to hit)
The stone arrow misses Sonja.
Sonja hits you but does no damage. Space warps around you.
Sonja hits you but does no damage. Space warps around you.
Sonja closely misses you.
Casting: Stone Arrow (safe; 1% risk of failure)
Confirm with . or Enter, or press ? or * to list all spells.
Aiming: Stone Arrow (safe; 1% risk of failure)
Press: ? - help, Shift-Dir - straight line, f/p - Sonja
Aim: Sonja, wielding a +4 dagger of distortion and quivering curare-tipped darts (40% to hit)
The stone arrow misses Sonja.
Sonja hits you but does no damage.
Sonja hits you with a +4 dagger of distortion.
Space warps around you. Sonja hits you but does no damage.
Space warps horribly around you!
* * * LOW HITPOINT WARNING * * *
Unknown command.
Casting: Stone Arrow (safe; 1% risk of failure)
Confirm with . or Enter, or press ? or * to list all spells.
Aiming: Stone Arrow (safe; 1% risk of failure)
Press: ? - help, Shift-Dir - straight line, f/p - Sonja
Aim: Sonja, wielding a +4 dagger of distortion and quivering curare-tipped darts (40% to hit)
The stone arrow misses Sonja.
Sonja hits you with a +4 dagger of distortion!
* * * LOW HITPOINT WARNING * * *
Space warps around you.
You die...

##.#<..#
#....†.## #
#.......# #.
#.......## ...
#.###....# P...
######..#######
.....#..##.##..##
..........#.#...#
#.....K@.#......#
##P#............#
#.#.P.....##.# #
##.........#
##.#...>.##
####....# #....##
##.... #.#...


You could see Sonja.

Vanquished Creatures
  2 hydras
  Harold (D:8)
  Pikel (D:8)
  An ugly thing (D:6)
  A centaur zombie (D:5)
  A black mamba (Lair:2)
  A torpor snail (Lair:2)
  6 cane toads
  3 komodo dragons
  Sigmund (D:6)
  5 wyverns
  14 yaks
  A steam dragon (D:7)
  Menkaure (Ossuary)
  An acid dragon (D:8)
  12 water moccasins
  Duvessa (D:6)
  4 black bears
  An ice beast (D:6)
  An orc warrior (D:8)
  3 sky beasts
  A necrophage (D:8)
  7 wolves
  3 ogres
  2 centaurs (D:6)
  3 phantoms
  A kobold brigand (D:7)
  A lemure (D:8)
  7 bullfrogs
  A scorpion (D:8)
  A water moccasin zombie (D:5)
  Dowan (D:6)
  4 killer bees
  5 wights (D:8)
  2 howler monkeys
  6 hounds
  5 orc priests
  Crazy Yiuf (D:6)
  2 gnoll shamans
  2 centaur skeletons (D:5)
  2 iguanas
  6 orc wizards
  A hound skeleton (D:5)
  3 mummies (Ossuary)
  A howler monkey zombie (D:6)
  6 adders
  13 gnolls
  A howler monkey skeleton (D:5)
  2 ufetubi
  An adder skeleton (D:4)
  A worm (D:2)
  5 dart slugs
  42 orcs
  8 bats
  3 endoplasms
  6 giant cockroaches
  3 gnoll zombies (Ossuary)
  6 goblins
  5 hobgoblins
  6 jackals (D:1)
  11 kobolds
  3 quokkas
  4 ball pythons
  5 frilled lizards
  2 gnoll skeletons (Ossuary)
  7 goblin skeletons (Ossuary)
  4 goblin zombies (Ossuary)
  5 hobgoblin skeletons (Ossuary)
  7 hobgoblin zombies (Ossuary)
  4 kobold skeletons (Ossuary)
  4 kobold zombies (Ossuary)
  5 orc skeletons (Ossuary)
  2 orc zombies (Ossuary)
  4 rats
  2 rat skeletons (Ossuary)
  5 rat zombies (Ossuary)
312 creatures vanquished.

Vanquished Creatures (others)
  A bush (D:8)
  8 fungi
  32 plants
41 creatures vanquished.

Grand Total: 353 creatures vanquished

Notes
Turn   | Place    | Note
-------+----------+-------------------------------------------
     0 | D:1      | Kaptain the Gargoyle Earth Elementalist began the quest for
                  | the Orb.
     0 | D:1      | Reached XP level 1. HP: 10/10 MP: 3/3
    64 | D:1      | Reached XP level 2. HP: 13/16 MP: 0/5
   412 | D:1      | Reached skill level 1 in Fighting
   524 | D:1      | Reached XP level 3. HP: 20/20 MP: 3/6
   528 | D:1      | Learned a level 3 spell: Stone Arrow
   696 | D:1      | Reached skill level 1 in Conjurations
   850 | D:1      | Reached skill level 1 in Armour
  1024 | D:1      | Reached skill level 4 in Earth Magic
  1666 | D:2      | Reached XP level 4. HP: 21/25 MP: 4/7
  3182 | D:3      | Found a faded altar of an unknown god.
  3418 | D:3      | Reached XP level 5. HP: 29/30 MP: 5/9
  3921 | D:4      | Noticed a phantom
  3929 | D:4      | Killed a phantom
  3930 | D:4      | Reached XP level 6. HP: 36/36 MP: 4/10
  4037 | D:4      | Reached skill level 5 in Earth Magic
  4590 | D:4      | Reached XP level 7. HP: 41/41 MP: 5/12
  4826 | D:4      | Found Ceohubuch's Magic Scroll Shoppe.
  4838 | D:4      | Bought a scroll of identify for 26 gold pieces
  5253 | D:5      | Entered Level 5 of the Dungeon
  5376 | D:5      | Reached skill level 6 in Earth Magic
  5376 | D:5      | Reached XP level 8. HP: 32/48 MP: 1/14
  5603 | D:5      | Found a glowing silver altar of Zin.
  5952 | D:5      | Found a staircase to the Ecumenical Temple.
  5961 | Temple   | Entered the Ecumenical Temple
  6433 | D:5      | Reached skill level 5 in Conjurations
  7276 | D:5      | Found an ornate altar of the Wu Jian Council.
  7375 | D:6      | Identified the +6 mace of Dissolution {flame, rN+ MP+9
                  | Int+6}
  7463 | D:6      | Noticed Duvessa
  7464 | D:6      | Reached skill level 5 in Fighting
  7471 | D:6      | Noticed Dowan
  7473 | D:6      | Killed Duvessa
  7476 | D:6      | Killed Dowan
  7477 | D:6      | Reached skill level 5 in Spellcasting
  7477 | D:6      | Reached skill level 7 in Earth Magic
  7477 | D:6      | Reached XP level 9. HP: 40/54 MP: 7/16
  7670 | D:6      | Found Cosoruby's Antique Armour Emporium.
  7795 | D:6      | Noticed Sigmund
  7801 | D:6      | Killed Sigmund
  8134 | D:6      | Found a runed translucent door.
  8135 | D:6      | Noticed Crazy Yiuf
  8234 | D:6      | Identified the +1 robe of Impatience {rPois rF+}
  8487 | D:6      | Noticed a red ugly thing
  8807 | D:6      | Killed a red ugly thing
  9073 | D:6      | Reached skill level 8 in Earth Magic
  9259 | D:6      | Killed Crazy Yiuf
  9277 | D:6      | Learned a level 3 spell: Swiftness
  9369 | D:7      | Found a bloodstained altar of Trog.
  9380 | D:7      | Found a glowing golden altar of the Shining One.
  9380 | D:7      | Found an opulent altar of Gozag.
  9380 | D:7      | Found a snail-covered altar of Cheibriados.
  9380 | D:7      | Found a burning altar of Makhleb.
  9532 | D:7      | Reached XP level 10. HP: 59/61 MP: 5/19
  9553 | D:7      | Found a sand-covered staircase.
  9564 | Ossuary  | Entered an ossuary
  9974 | Ossuary  | Noticed Menkaure
  9983 | Ossuary  | Killed Menkaure
 10803 | D:8      | Found Rokooloph's Weapon Boutique.
 11036 | D:8      | Noticed Pikel
 11040 | D:8      | Killed Pikel
 11041 | D:8      | Reached skill level 5 in Armour
 11041 | D:8      | Reached skill level 9 in Earth Magic
 11412 | D:8      | Found a staircase to the Lair.
 11659 | D:8      | Noticed Harold
 11825 | D:8      | Reached XP level 11. HP: 68/68 MP: 21/21
 11930 | D:8      | Found a hazy altar of Hepliaklqana.
 12055 | D:8      | Killed Harold
 12224 | Lair:1   | Entered Level 1 of the Lair of Beasts
 12561 | Lair:1   | Reached skill level 10 in Earth Magic
 12838 | Lair:1   | Noticed a five-headed hydra
 12843 | Lair:1   | Killed a five-headed hydra
 13611 | Lair:2   | Reached skill level 5 in Dodging
 14202 | Lair:2   | Noticed a four-headed hydra
 14211 | Lair:2   | Killed a four-headed hydra
 14212 | Lair:2   | Reached XP level 12. HP: 32/76 MP: 21/24
 14577 | Lair:2   | Reached skill level 11 in Earth Magic
 15069 | Lair:3   | Found a hole to the Spider Nest.
 15100 | Lair:3   | Noticed Sonja
 15111 | Lair:3   | Paralysed by Sonja for 3 turns
 15118 | Lair:3   | Paralysed by Sonja for 7 turns
 15129 | Lair:3   | HP: 3/76 [Sonja/+4 dagger of distortion (10)]
 15129 | Lair:3   | Slain by Sonja

Illustrated notes

Levels and vault maps discovered:
D:1:      lemuel_arrival_behind_the_door_small, layout_basic,
          serial_bayou_lake_a
D:2:      layout_basic
D:3:      layout_rooms, chequers_ecumenical_altar_simple
D:4:      kennysheep_big_flooded_room, layout_cave_pods, serial_shops,
          nicolae_shop_advertising_works [nicolae_subvault_shop_adworks],
          cheibrodos_gnoll_hut
D:5:      layout_gridville, mainiacjoe_overflow_boulevard,
          nicolae_wu_jian_immortal_techniques, temple_doors_e
D:6:      minmay_clustersquares, layout_basic, serial_shops,
          nicolae_stop_n_shop_2, chequers_serial_rivers_micro_b, uniq_sigmund,
          uniq_duvessa, uniq_crazy_yiuf_cottage
D:7:      layout_gridville, grunt_temple_overflow_open,
          chequers_ossuary_entry_cave, eino_curves_02
D:8:      layout_loops_cross, nicolae_hepliaklqana_hazy_memory,
          minmay_lair_entry_grove, serial_shops, shop, uniq_harold, uniq_pikel
Temple:   eino_temple_water
Lair:1:   layout_misc_corridors
Lair:2:   layout_roguey, grunt_megastairs_3
Lair:3:   layout_misc_corridors, dummy_spider_entry,
          ebering_ghost_reflecting_pool, forest_entry_grove, grunt_megastairs_1,
          uniq_sonja

Skill      XL: |  1  2  3  4  5  6  7  8  9 10 11 12 |
---------------+-------------------------------------+-----
Fighting       | 1 2 3 4 5 6 7 9 |  9.6
Conjurations   | 1 2 3 4 5 6 7 9 |  9.6
Armour         | 1 2 3 4 5 6 |  6.6
Earth Magic    | 4 5 6 7 8 9 10 11 | 11.1
Dodging        | 2 3 4 5 |  5.3
Spellcasting   | 3 4 5 6 7 8 |  8.4
Stealth        | |  2.1
Transmutations | |  0.7

Action                   |  1- 3 |  4- 6 |  7- 9 | 10-12 || total
-------------------------+-------+-------+-------+-------++-------
Melee: Unarmed           |     4 |       |       |       ||     4
       Dagger            |    12 |       |       |       ||    12
       Short sword       |    37 |    57 |    27 |       ||   121
       Punch             |       |     1 |       |       ||     1
       Whip              |       |    28 |     3 |       ||    31
       Mace              |       |       |    18 |   108 ||   126
 Fire: Hunting sling     |       |    36 |       |       ||    36
 Cast: Sandblast         |    30 |    43 |    57 |    87 ||   217
       Stone Arrow       |       |    16 |    86 |   164 ||   266
Evoke: Wand              |       |     1 |       |       ||     1
  Use: Potion            |       |     3 |     1 |     4 ||     8
       Scroll            |       |       |    11 |     2 ||    13
 Stab: Sleeping          |     4 |     1 |       |       ||     5
Armor: Robe              |    16 |       |    29 |   115 ||   160
       Leather armour    |     2 |    32 |    51 |       ||    85
Dodge: Dodged            |    40 |    78 |    83 |   126 ||   327
